 Dungeon Crawl Stone Soup version 0.19-a0-277-g85cb9a5 (webtiles) character file.

60 epen the Shooter (level 3, -2/28 HPs)
             Began as a Demonspawn Hunter on May 26, 2016.
             Slain by an adder (4 damage)
             ... on level 2 of the Dungeon.
             The game lasted 00:02:56 (1929 turns).

epen the Shooter (Demonspawn Hunter)                Turns: 1929, Time: 00:02:57

Health: -2/28      AC:  3    Str: 18    XL:     3   Next: 80%
Magic:  3/3        EV: 12    Int: 12    God:
Gold:   90         SH:  0    Dex: 15    Spells: 0 memorised, 2 levels left

rFire  . . .     SeeInvis .     b - +0 short sword
rCold  + . .     Gourm    .     c - +0 leather armour
rNeg   . . .     Faith    .     (no shield)
rPois  .         Spirit   .     (helmet restricted)
rElec  .         Dismiss  .     (no cloak)
rCorr  .         Reflect  .     (no gloves)
SustAt .         Harm     .     (no boots)
MR     .....                    (no amulet)
Stlth  ++........               (no ring)
                                (no ring)

@: mighty, lethally poisoned (-2 -> -8), flying, not resistant to hostile
enchantments, unstealthy
A: antennae 1, thin skeletal structure 1, cold resistance 1
a: no special abilities


You were on level 2 of the Dungeon.
You were hungry.

You visited 1 branch of the dungeon, and saw 2 of its levels.

You collected 90 gold pieces.

Inventory:

Hand Weapons
 a - a +1 shortbow
 b - a +0 short sword (weapon)
Missiles
 d - 9 arrows
Armour
 c - a +0 leather armour (worn)
Scrolls
 g - 2 scrolls of identify {unknown}
 h - a scroll of remove curse {unknown}
 i - a scroll of noise {unknown}
 l - a scroll of enchant armour {unknown}
 o - a scroll of fog {unknown}
Books
 n - a book of Death

   Spells                             Type                      Level
   a - Corpse Rot                     Necromancy                   2
   b - Sublimation of Blood           Necromancy                   2
   c - Agony                          Necromancy                   5
   d - Dispel Undead                  Necromancy                   5
   e - Excruciating Wounds            Charms/Necromancy            5
   f - Bolt of Draining               Conjuration/Necromancy       5
Comestibles
 f - 4 bread rations
 k - a slice of pizza


   Skills:
 + Level 2.3 Fighting
 * Level 4.3 Bows
 + Level 0.5 Armour
 * Level 2.4 Dodging
 - Level 0.8 Stealth


You had 2 spell levels left.
You didn't know any spells.

Dungeon Overview and Level Annotations

Branches:
Dungeon (2/15)

Altars:


Innate Abilities, Weirdness & Mutations

You have a pair of small antennae on your head.
You have a somewhat thin skeletal structure. (Dex +2, Stealth)
Your flesh is cold resistant. (rC+)


Message History

You feel sick. The adder barely misses you.
Unknown command.
Drink which item? (? for menu, Esc to quit)
It was a potion of might.
You feel very mighty all of a sudden.
* * * LOW HITPOINT WARNING * * *
You feel sick. The adder bites you but does no damage.
Unknown command.
You barely miss the adder.
The adder is almost dead.
The adder closely misses you. x2
You are feeling hungry.
You closely miss the adder.
The adder is almost dead.
* * * LOW HITPOINT WARNING * * *
You feel sick. The adder misses you.
You closely miss the adder.
The adder is almost dead.
The adder bites you.
You die...

......######## #.#.#.#####.......
......# #.#.#.# #.........
###.### #.#.#.# #.....#### #...#
#.# #.# #.....# #.### #.# #.#
#.....#### #.# #.# #.......#.#...
#.# #.# #########.#.## #.# #.#
......)..... #.######## #@#
#########.#.##
.........######..S(....#####.....
..............+...............(..
.........######.............#..##
.................................
.....................(.)..#.#....
................#########.#......
................# #........###
#.#######.......# #.########


You could see an adder.

Vanquished Creatures
  2 adders (D:2)
  A worm (D:2)
  A giant gecko (D:2)
  5 bats
  3 giant cockroaches (D:1)
  A goblin (D:1)
  5 hobgoblins
  3 jackals (D:1)
  5 kobolds (D:1)
  A quokka (D:2)
  3 ball pythons
  4 giant newts
  4 rats
38 creatures vanquished.

Vanquished Creatures (others)
  A kobold (D:2)
1 creature vanquished.

Grand Total: 39 creatures vanquished

Notes
Turn   | Place    | Note
--------------------------------------------------------------
     0 | D:1      | epen the Demonspawn Hunter began the quest for the Orb.
     0 | D:1      | Reached XP level 1. HP: 16/16 MP: 1/1
   261 | D:1      | Gained mutation: You have a pair of small antennae on your head. [demonic ancestry]
   261 | D:1      | Reached XP level 2. HP: 22/22 MP: 2/2
   280 | D:1      | Reached skill level 4 in Bows
  1153 | D:2      | Gained mutation: You have a somewhat thin skeletal structure. (Dex +2, Stealth) [demonic ancestry]
  1153 | D:2      | Reached XP level 3. HP: 16/27 MP: 3/3
  1273 | D:2      | Gained mutation: Your flesh is cold resistant. (rC+) [potion of beneficial mutation]
  1929 | D:2      | Slain by an adder

Vault maps used:
D:1:      lemuel_arrival_river_ford
D:2:      marbit_many_paths, elyvilon_altar_4, first_bread

Skill      XL: |  1  2 |
---------------+-------+-----
Dodging        | 2 |  2.4
Bows           | 4 |  4.3
Fighting       | |  2.3
Armour         | |  0.5
Stealth        | |  0.8

Action                   || total
-------------------------++-------
Melee: Short sword       ||   173
       Unarmed           ||     4
 Fire: Shortbow          ||    36
  Use: Potion            ||     5
  Eat: Chunk             ||     3
Armor: Leather armour    ||    72
       Skin              ||     3
Dodge: Dodged            ||   165
